 Dungeon Crawl Stone Soup version 0.23.2-1-ga50397a (webtiles) character file.

Game seed: 9122459914127146644

585 Fang the Skirmisher (level 7, -1/66 HPs)
             Began as a Gargoyle Berserker on Apr 16, 2019.
             Was a Priest of Trog.
             Slain by a gnoll
             ... wielding a cursed -2 spear
              (5 damage)
             ... on level 5 of the Dungeon.
             The game lasted 00:06:17 (4109 turns).

Fang the Skirmisher (Gargoyle Berserker)            Turns: 4109, Time: 00:06:18

Health: -1/66      AC:  3    Str: 27    XL:     7   Next: 37%
Magic:  7/7        EV: 13    Int:  8    God:    Trog [***...]
Gold:   275        SH:  0    Dex:  9    Spells: 6/6 levels left

rFire    . . .     SeeInvis .   a - +0 hand axe
rCold    . . .     Gourm    .   (no shield)
rNeg     + . .     Faith    .   b - +0 animal skin
rPois    ∞         Spirit   .   (no helmet)
rElec    +         Reflect  .   (no cloak)
rCorr    .         Harm     .   (no gloves)
MR       .....                  (no boots)
Stlth    ..........             (no amulet)
HPRegen  0.21/turn              (no ring)
MPRegen  0.10/turn              (no ring)

@: berserking, corroded, very quick
A: negative energy resistance 1, electricity resistance, unbreathing,
petrification resistance, rot immunity, AC +4
a: Berserk, Trog's Hand, Renounce Religion


You were on level 5 of the Dungeon.
You worshipped Trog.
Trog was most pleased with you.
You were hungry.

You visited 1 branch of the dungeon, and saw 5 of its levels.

You collected 275 gold pieces.

Inventory:

Hand Weapons
 a - a +0 hand axe (weapon)
Armour
 b - a +0 animal skin (worn)
Jewellery
 q - an uncursed ring of see invisible {unknown}
Wands
 i - a wand of random effects (21)
 w - a wand of iceblast (14)
Scrolls
 e - a scroll of enchant armour {unknown}
 h - 4 scrolls of identify {unknown}
 k - 2 scrolls of blinking {unknown}
 l - 2 scrolls of teleportation {unknown}
 t - a scroll of enchant weapon {unknown}
 v - a scroll of fog {unknown}
 x - a scroll of amnesia {unknown}
Potions
 d - a potion of brilliance {unknown}
 f - a potion of invisibility {unknown}
 g - a potion of haste {unknown}
 j - a potion of agility {unknown}
 m - a potion of cancellation {unknown}
 n - 3 potions of heal wounds {unknown}
 o - 2 potions of degeneration {unknown}
 p - a potion of mutation {unknown}
 r - 3 potions of flight {unknown}
 s - a potion of lignification {unknown}
 u - 2 potions of curing {unknown}
Comestibles
 c - 8 rations
 z - 4 chunks of flesh


   Skills:
 + Level 5.3 Fighting
 + Level 4.4 Axes
 + Level 4.6 Armour
 + Level 3.4 Dodging


You had 6 spell levels left.
You didn't know any spells.
Your spell library was empty.

Dungeon Overview and Level Annotations

Branches:
Dungeon (5/15)
 Temple: D:4-7

Altars:
Vehumet

Shops:
D:4 ?

Annotations:
D:5 Duvessa


Innate Abilities, Weirdness & Mutations

You are resistant to torment.
Your stone body is resilient. (AC +4)
You are immune to poison.
You resist negative energy. (rN+)
You are resistant to electric shocks. (rElec)
You can survive without breathing.
You are immune to petrification.
You are immune to rotting.


Message History

You feel the power of Trog in you as your rage grows.
You kill the adder!
Trog accepts your kill. Duvessa hits you with a +0 short sword.
* * * LOW HITPOINT WARNING * * *
An orc comes into view. It is wielding a +0 club.
The gnoll barely misses you.
You completely miss Duvessa.
Duvessa is moderately wounded.
The orc shouts!
The gnoll hits you from afar with a cursed -2 spear.
* * * LOW HITPOINT WARNING * * *
Duvessa misses you.
You slash Duvessa!
Duvessa is moderately wounded.
Duvessa hits you with a +0 short sword!
* * * LOW HITPOINT WARNING * * *
The gnoll closely misses you.
The gnoll hits you from afar with a cursed -2 spear.
You die...

###.......#
#.....####..
#...### #..##
#..# #..# #.
##..#
##...#..##
.......@#
......)e).#
......gg.....
.o/...>.#.####
..........#
..>........
##.#%#%.. ..
..#.....####


You could see Duvessa (berserk), 2 gnolls and an orc.

Vanquished Creatures
  The ghost of LePi the Vandal, an amateur SpAM (D:3)
  A scorpion (D:4)
  Dowan (D:5)
  A jelly (D:5)
  A centaur skeleton (D:4)
  Ijyb (D:3)
  3 worker ants
  Robin (D:3)
  8 gnolls
  4 adders
  An ooze (D:1)
  3 worms
  3 dart slugs
  A leopard gecko (D:3)
  2 orcs
  9 giant cockroaches
  16 goblins
  8 hobgoblins
  9 jackals
  7 kobolds
  12 bats
  3 frilled lizards
  A leopard gecko zombie (D:3)
  8 rats
105 creatures vanquished.

Notes
Turn   | Place    | Note
-------+----------+-------------------------------------------
     0 | D:1      | Fang the Gargoyle Berserker began the quest for the Orb.
     0 | D:1      | Reached XP level 1. HP: 14/14 MP: 1/1
    65 | D:1      | Reached XP level 2. HP: 14/19 MP: 2/2
   501 | D:2      | Reached XP level 3. HP: 15/24 MP: 3/3
   672 | D:2      | Reached ** piety under Trog
   949 | D:2      | Reached XP level 4. HP: 19/29 MP: 4/4
  1160 | D:2      | Reached skill level 4 in Fighting
  1632 | D:3      | Found a runed translucent gate.
  1632 | D:3      | Found a runed translucent gate.
  1632 | D:3      | Found a runed translucent gate.
  1632 | D:3      | Noticed LePi's ghost (amateur SpAM)
  1632 | D:3      | Noticed Ijyb
  1677 | D:3      | Killed Ijyb
  1677 | D:3      | Reached XP level 5. HP: 23/33 MP: 5/5
  1757 | D:3      | Killed LePi's ghost
  1759 | D:3      | Reached XP level 6. HP: 39/39 MP: 6/6
  2026 | D:3      | Noticed Robin
  2048 | D:3      | Reached *** piety under Trog
  2063 | D:3      | Killed Robin
  2503 | D:3      | HP: 2/40 [jackal (2)]
  3415 | D:4      | Found Geruuvoth's Magic Scroll Shop.
  3427 | D:4      | Found a radiant altar of Vehumet.
  3438 | D:4      | Reached skill level 5 in Fighting
  3784 | D:4      | Reached XP level 7. HP: 44/44 MP: 7/7
  3926 | D:5      | Entered Level 5 of the Dungeon
  4099 | D:5      | Noticed Dowan
  4100 | D:5      | Noticed Duvessa
  4106 | D:5      | Killed Dowan
  4109 | D:5      | Slain by a gnoll

Skill      XL: |  1  2  3  4  5  6 |
---------------+-------------------+-----
Axes           | 3 4 |  4.4
Dodging        | 2 3 |  3.4
Armour         | 3 4 |  4.6
Fighting       | 4 5 |  5.3

Action                   |  1- 3 |  4- 6 |  7- 9 || total
-------------------------+-------+-------+-------++-------
Melee: Hand axe          |    96 |   269 |    28 ||   393
Invok: Berserk           |       |     3 |     2 ||     5
  Use: Scroll            |       |     2 |       ||     2
  Eat: Chunk             |       |    12 |     3 ||    15
Armor: Animal skin       |    52 |    93 |    10 ||   155
Dodge: Dodged            |    81 |   196 |    28 ||   305
